 Dungeon Crawl Stone Soup version 0.31-a0-161-gb58dd9be76 (webtiles) character file.

Game seed: 11889338954982296440

1122 Moral the Covert (level 8, -12/48 HPs)
             Began as a Kobold Brigand on June 13, 2023.
             Mangled by a gnoll sergeant
             ... wielding a +1 spear of flaming
              (13 damage)
             ... on level 5 of the Dungeon.
             The game lasted 00:21:06 (4157 turns).

Moral the Covert (Kobold Brigand)                   Turns: 4157, Time: 00:21:06

Health: -12/48     AC:  4    Str:  8    XL:     8   Next: 61%
Magic:  8/8        EV: 14    Int: 13    God:
Gold:   163        SH:  0    Dex: 18    Spells: 7/7 levels left

rFire   . . .        l - +3 short sword (venom)
rCold   . . .        (no shield)
rNeg    . . .        b - +0 robe
rPois   .            (no helmet)
rElec   .            c - +0 cloak
rCorr   .            n - +0 pair of gloves
SInv    .            (no boots)
Will    .....        (no amulet)
Stlth   ++++++       (no ring)
HPRegen 0.28/turn    (no ring)
MPRegen 0.11/turn

%: no passive effects
@: hasted, very quick
A: small, no large weapons, nightstalker 3
a: no special abilities


You were on level 5 of the Dungeon.
You visited 1 branch of the dungeon, and saw 5 of its levels.
You also visited: Ossuary.

You collected 163 gold pieces.

Inventory:

Hand Weapons
 l - a +3 short sword of venom (weapon)
Missiles
 d - 14 poisoned darts (quivered)
 e - 3 curare-tipped darts
Armour
 b - a +0 robe (worn)
 c - a +0 cloak (worn)
 n - a +0 pair of gloves (worn)
Wands
 g - a wand of flame (4)
Scrolls
 a - a scroll of amnesia
 f - a scroll of enchant armour {unknown}
 i - a scroll of teleportation
 k - a scroll of revelation
Potions
 h - 3 potions of haste
 m - a potion of lignification
 p - 5 potions of degeneration {unknown}
 q - a potion of might
 r - 2 potions of magic
 s - a potion of curing {unknown}


   Skills:
 + Level 4.1 Fighting
 + Level 5.0 Short Blades
 - Level 2.1 Throwing
 - Level 1.2 Dodging
 - Level 13.0 Stealth


You had 7 spell levels left.
You didn't know any spells.
Your spell library contained the following spells:

 Spells                   Type           Power      Damage    Failure   Level
 Gell's Gravitas          Tloc           0%         N/A       67%         3
 Inner Flame              Hex/Fire       0%         N/A       67%         3
 Portal Projectile        Hex/Tloc       0%         N/A       67%         3
 Teleport Other           Tloc           0%         N/A       67%         3
 Tukima's Dance           Hex            0%         N/A       67%         3
 Flame Wave               Conj/Fire      0%         2d4       97%         4
 Sticky Flame             Conj/Fire      0%         2d3       97%         4
 Blade Hands              Tmut           0%         N/A       100%        5
 Dispersal                Tloc           0%         N/A       100%        6


Dungeon Overview and Level Annotations

Branches:
Dungeon (5/15)            Ossuary (visited)
 Temple: D:4-7

Altars:
Ashenzari
Gozag


Innate Abilities, Weirdness & Mutations

You are small and have problems with some larger weapons.
You are completely attuned to the shadows.


Message History

The helpless orc fails to defend itself.
You perforate the orc like a sieve!!!
You kill the orc!
A gnoll comes into view. It is wielding a +0 flail.
A gnoll comes into view. It is wielding a +0 whip.
A gnoll sergeant comes into view. It is wielding a +1 spear of flaming.
The helpless gnoll fails to defend itself.
You spit the gnoll like a pig!!!
You kill the gnoll!
A gnoll comes into view. It is wielding a +0 club.
Things that are here:
a +0 flail; a gnoll corpse The helpless gnoll fails to defend itself.
You stick the gnoll like a pincushion!!!
You kill the gnoll!
Your Short Blades skill increases to level 5!
The gnoll shouts!
The gnoll sergeant shouts!
The gnoll sergeant hits you from afar with a +1 spear of flaming.
The gnoll sergeant burns you.
You see here a +0 whip.
The gnoll sergeant hits you with a +1 spear of flaming.
The gnoll sergeant burns you.
You closely miss the gnoll sergeant. You barely miss the gnoll sergeant.
The gnoll sergeant hits you with a +1 spear of flaming!
The gnoll sergeant burns you.
You hit the gnoll sergeant but do no damage.
The gnoll sergeant is poisoned.
The gnoll sergeant hits you with a +1 spear of flaming!
* * * LOW HITPOINT WARNING * * *
The gnoll sergeant burns you.
* * * LOW HITPOINT WARNING * * *
You feel yourself speed up.
The gnoll sergeant hits you with a +1 spear of flaming!
* * * LOW HITPOINT WARNING * * *
The gnoll sergeant burns you.
* * * LOW HITPOINT WARNING * * *
Okay, then.
The gnoll sergeant hits you from afar with a +1 spear of flaming!
You die...

#...# #.)....
##.#.#####.#####
.###..........#
......########
.##....#
.......#
####.### #)# #@#
#.# #g# #g# #.#
..#


You could see a gnoll sergeant (very poisoned) and a gnoll.

Vanquished Creatures
  A steam dragon (D:4)
  A black bear (D:4)
  2 ogres (D:4)
  2 phantoms (D:4)
  2 water moccasin zombies (Ossuary)
  A howler monkey (D:4)
  A bullfrog zombie (D:4)
  A hound (D:4)
  An orc priest (D:4)
  A gnoll bouda (D:4)
  An iguana (D:4)
  An orc wizard (D:4)
  2 scorpion zombies (D:4)
  2 hound zombies (D:4)
  2 mummies (Ossuary)
  2 gnolls (D:5)
  An adder (D:2)
  9 adder zombies
  2 adder skeletons (D:4)
  A worm (D:4)
  2 dart slugs
  17 orcs
  8 endoplasms
  A giant cockroach (D:2)
  5 goblins
  5 hobgoblins
  4 jackals (D:4)
  5 quokkas
  5 ball pythons
  2 bats (D:3)
  2 frilled lizards
  4 gnoll zombies (Ossuary)
  6 hobgoblin zombies (Ossuary)
  A kobold (D:3)
  3 kobold zombies (Ossuary)
  5 orc zombies (Ossuary)
  2 rats
113 creatures vanquished.

Notes
Turn   | Place    | Note
-------+----------+-------------------------------------------
     0 | D:1      | Moral the Kobold Brigand began the quest for the Orb.
     0 | D:1      | Reached XP level 1. HP: 12/12 MP: 1/1
    16 | D:1      | You fall into a shaft and drop 1 floor!
    69 | D:2      | Reached XP level 2. HP: 17/17 MP: 2/2
   107 | D:2      | Reached skill level 6 in Stealth
   120 | D:2      | Reached XP level 3. HP: 21/21 MP: 3/3
   892 | D:3      | Found a faded altar of an unknown god.
   914 | D:3      | Reached skill level 7 in Stealth
  1076 | D:3      | Reached XP level 4. HP: 26/26 MP: 4/4
  1294 | D:3      | Found an opulent altar of Gozag.
  1691 | D:4      | Reached skill level 8 in Stealth
  1737 | D:4      | Noticed a black bear
  1763 | D:4      | Found a sand-covered staircase.
  1806 | D:4      | Killed a black bear
  1807 | D:4      | Reached skill level 9 in Stealth
  1807 | D:4      | Reached XP level 5. HP: 23/30 MP: 5/5
  1825 | Ossuary  | Entered an ossuary
  1867 | Ossuary  | Reached XP level 6. HP: 35/35 MP: 6/6
  1885 | Ossuary  | Reached skill level 10 in Stealth
  2168 | D:4      | Reached skill level 11 in Stealth
  2168 | D:4      | Reached XP level 7. HP: 40/40 MP: 7/7
  2365 | D:4      | Found a broken altar of Ashenzari.
  2476 | D:4      | Reached skill level 12 in Stealth
  3011 | D:4      | Noticed a steam dragon
  3015 | D:4      | Killed a steam dragon
  3016 | D:4      | Reached skill level 13 in Stealth
  3016 | D:4      | Reached XP level 8. HP: 44/44 MP: 8/8
  4075 | D:5      | Entered Level 5 of the Dungeon
  4151 | D:5      | Reached skill level 5 in Short Blades
  4156 | D:5      | HP: 1/48 [gnoll sergeant/+1 spear of flaming (3)]
  4157 | D:5      | Mangled by a gnoll sergeant

Illustrated notes

Levels and vault maps discovered:
D:1:      dpeg_arrival_tiny_j, layout_basic, st_stairs_3
D:2:      layout_rooms, serial_bayou_lake_a
D:3:      layout_loops_ring, lemuel_crystal_altar, general_overflow_altar,
          ebering_ecumenical_altar_petrified
D:4:      layout_basic, mainiacjoe_overflow_chevrons,
          nicolae_ossuary_entry_false_entrances, serial_undead, serial_undead_e,
          serial_undead_e, serial_undead_a, serial_undead_e, serial_undead_d,
          serial_undead_b, serial_undead_d, serial_undead_f,
          grunt_decor_mini_mirrors, minmay_cut_off
D:5:      layout_loops_corners, nemelex_spade_bored_becter,
          nicolae_yredelemnul_corpse_copse, mainiacjoe_overflow_paths,
          minmay_temple_entry_enclosed_plants

Skill      XL: |  1  2  3  4  5  6  7  8 |
---------------+-------------------------+-----
Stealth        | 6 7 9 11 13 | 13.0
Short Blades   | 5 |  5.0
Fighting       | 4 |  4.1
Throwing       | |  2.1
Dodging        | |  1.2

Action                     |  1- 3 |  4- 6 |  7- 9 || total
---------------------------+-------+-------+-------++-------
  Melee: Dagger            |    27 |       |       ||    27
         Short sword       |    22 |   220 |   295 ||   537
         Punch             |       |     2 |     3 ||     5
    Use: Scroll            |       |     1 |    14 ||    15
         Potion            |       |       |     3 ||     3
   Stab: Sleeping          |    25 |    18 |     8 ||    51
         Distracted        |       |     1 |     3 ||     4
 Armour: Robe              |     1 |    58 |    86 ||   145
  Dodge: Dodged            |     8 |   114 |   133 ||   255

Table legend: (Time is in decaauts)
 A = Elapsed time spent in this place.
 B = Non-inter-level travel time spent in this place.
 C = Inter-level travel time spent in this place.
 D = Time resting spent in this place.
 E = Time spent auto-exploring this place.
 F = Levels seen in this place.
 G = Mean time per level.
                   A        B        C        D        E       F      G
               +--------+--------+--------+--------+--------+-----+--------+
         Total |   4129 |   3978 |    151 |    580 |   2039 |   6 |  688.2 |
       Dungeon |   3837 |   3686 |    151 |    540 |   2039 |   5 |  767.4 |
       Ossuary |    291 |    291 |      0 |     40 |      0 |   1 |  291.0 |
               +--------+--------+--------+--------+--------+-----+--------+

Top non-repeatable levels by time:
     D:4: 2138 daAuts
     D:2: 898 daAuts
     D:3: 704 daAuts
 Ossuary: 291 daAuts
     D:5: 80 daAuts
     D:1: 15 daAuts
